 Dungeon Crawl Stone Soup version 0.30-a0-371-gad7725a93e (webtiles) character file.

Game seed: 7024318679170276242

62 funkygono the Firebug (level 3, 0/25 HPs)
             Began as a Demonspawn Fire Elementalist on Nov 22, 2022.
             Succumbed to an adder's poison
             ... on level 6 of the Dungeon.
             The game lasted 00:03:32 (2349 turns).

funkygono the Firebug (DsFE)                        Turns: 2349, Time: 00:03:33

Health: 0/25       AC:  2    Str:  8    XL:     3   Next: 85%
Magic:  1/7        EV: 12    Int: 18    God:
Gold:   158        SH:  4    Dex: 13    Spells: 1/7 levels left

rFire   . . .      SeeInvis .    d - +0 whip
rCold   . . .      Faith    .    (no shield)
rNeg    . . .      Spirit   .    a - +0 robe
rPois   .          Reflect  .    (no helmet)
rElec   .          Harm     .    (no cloak)
rCorr   .          Rampage  .    (no gloves)
Will    .....                    (no boots)
Stlth   ++........               (no amulet)
HPRegen 0.24/turn                (no ring)
MPRegen 0.10/turn                (no ring)

@: lethally poisoned (0 -> -2)
A: condensation shield
a: no special abilities


You were on level 6 of the Dungeon.
You visited 1 branch of the dungeon, and saw 4 of its levels.

You collected 158 gold pieces.

Inventory:

Hand Weapons
 c - a +0 short sword
 d - a +0 whip (weapon)
Armour
 a - a +0 robe (worn)
 l - the +5 ring mail of Dogmatism {Dex+2}
   (You found it on level 2 of the Dungeon)

   Dex:       It affects your dexterity (+2).
Scrolls
 e - 2 scrolls of identify
 f - a scroll of teleportation
 g - 5 scrolls of vulnerability {unknown}
 h - a scroll of summoning {unknown}
 j - a scroll of noise {unknown}
 k - a scroll of silence {unknown}
Potions
 b - a potion of magic


   Skills:
 * Level 0.8 Fighting
 + Level 1.9 Dodging
 - Level 1.7 Stealth
 * Level 2.7 Spellcasting
 * Level 1.8 Conjurations
 * Level 3.3 Fire Magic


You had one spell level left.
You knew the following spells:

 Your Spells              Type           Power      Damage    Failure   Level
a - Foxfire               Conj/Fire      44%        2x1d6     6%          1
b - Scorch                Fire           28%        2d6       6%          2
c - Kindle Blastsparks    Fire/Tloc/Air  12%        2d11      32%         3

Your spell library contained the following spells:

 Spells                   Type           Power      Damage    Failure   Level
 Inner Flame              Hex/Fire       8%         N/A       26%         3
 Flame Wave               Conj/Fire      11%        2d6       50%         4


Dungeon Overview and Level Annotations

Branches:
Dungeon (3/15)             Temple (0/1) D:6

Altars:


Innate Abilities, Weirdness & Mutations

A meltable shield of frost defends you. (SH +4)


Message History

An adder comes into view.
The orc priest calls down the wrath of Beogh upon you.
Beogh smites you!
* * * LOW HITPOINT WARNING * * *
The orc closely misses you.
Your surroundings seem slightly different.
Found a scroll of identify.
The adder bites you.
* * * LOW HITPOINT WARNING * * *
The orc wizard casts a spell.
The orc wizard flickers and vanishes!
Deactivating autopickup; reactivate with Ctrl-A.
Found 11 gold pieces.
Found a staircase to the Ecumenical Temple.
The adder misses you.
The orc priest looks encouraged for a moment.
A hound comes into view.
Found a scroll of identify.
The adder barely misses you.
Found 3 scrolls labelled ZIMOOZ GITI.
The adder attacks as you move away! The adder bites you.
* * * LOW HITPOINT WARNING * * *
You are lethally poisoned!
The adder poisons you!
* * * LOW HITPOINT WARNING * * *
You feel sick. The adder closely misses you.
A phantom comes into view.
* * * LOW HITPOINT WARNING * * *
You feel sick.
The hound barks!
You hear an angry hiss.
A phantom comes into view.
The adder attacks as you move away! The adder closely misses you.
* * * LOW HITPOINT WARNING * * *
You feel sick.
The orc priest looks encouraged for a moment.
The adder attacks as you move away! The adder misses you.
A water moccasin comes into view.
* * * LOW HITPOINT WARNING * * *
You feel sick.
The water moccasin hisses angrily.
You block the adder's attack.
You die...

...# #...##.........#.
#.?.###.#....#.....≈S≈
#...#.#..#.......≈..
######...............≈.≈
.........#..O...hW.....≈
.........o.o......W...≈.
..§....####...........≈.
######## #...S.........
#.....@.......
#.......#..≈≈. #...$...#
.≈≈. #.......# ...
#.......# #########


You could see a water moccasin, an ogre, 2 phantoms, a hound, an orc priest, an
adder and an orc.

Vanquished Creatures
  A white imp (D:6)
  A worm (D:2)
  4 endoplasms
  A giant cockroach (D:1)
  5 goblins
  5 hobgoblins
  7 jackals
  4 kobolds
  4 quokkas
  6 ball pythons
  3 bats
  2 frilled lizards
  3 rats
46 creatures vanquished.

Vanquished Creatures (others)
  121 foxfires
121 creatures vanquished.

Grand Total: 167 creatures vanquished

Notes
Turn   | Place    | Note
-------+----------+-------------------------------------------
     0 | D:1      | funkygono the Demonspawn Fire Elementalist began the quest
                  | for the Orb.
     0 | D:1      | Reached XP level 1. HP: 13/13 MP: 3/3
   240 | D:1      | Reached skill level 3 in Fire Magic
   240 | D:1      | Gained mutation: A meltable shield of frost defends you.
                  | (SH +4) [demonic ancestry]
   240 | D:1      | Reached XP level 2. HP: 19/19 MP: 1/5
   427 | D:1      | Learned a level 2 spell: Scorch
   812 | D:1      | Reached XP level 3. HP: 25/25 MP: 4/6
   820 | D:1      | Learned a level 3 spell: Kindle Blastsparks
  2062 | D:2      | Identified the +5 ring mail of Dogmatism {Dex+2}
  2318 | D:3      | You fall into a shaft and drop 3 floors!
  2329 | D:6      | Noticed an ogre
  2342 | D:6      | Found a staircase to the Ecumenical Temple.
  2346 | D:6      | Noticed a phantom
  2346 | D:6      | Noticed a phantom
  2348 | D:6      | Noticed a water moccasin
  2348 | D:6      | HP: 1/25 [poisoned by an adder]
  2349 | D:6      | Succumbed to an adder's poison

Illustrated notes

Levels and vault maps discovered:
D:1:      tarquinn_simple_flora_water_f, layout_rooms
D:2:      layout_basic, corexii_corridor_pit
D:3:      layout_loops_cross, nemelex_dance_club_becter
D:6:      layout_rooms, nicolae_uskayaw_suspiria, minmay_temple_entry_slanted,
          uniq_duvessa

Skill      XL: |  1 |
---------------+----+-----
Fire Magic     | 3 |  3.3
Fighting       | |  0.8
Dodging        | |  1.9
Stealth        | |  1.7
Spellcasting   | |  2.7
Conjurations   | |  1.8

Action                   || total
-------------------------++-------
Melee: Whip              ||     3
 Cast: Foxfire           ||    73
       Scorch            ||     6
  Use: Scroll            ||     2
       Potion            ||     1
Armor: Robe              ||     2
Dodge: Dodged            ||    31
Block: Other             ||     5

Table legend: (Time is in decaauts)
 A = Elapsed time spent in this place.
 B = Non-inter-level travel time spent in this place.
 C = Inter-level travel time spent in this place.
 D = Time resting spent in this place.
 E = Time spent auto-exploring this place.
 F = Levels seen in this place.
 G = Mean time per level.
                   A        B        C        D        E       F      G
               +--------+--------+--------+--------+--------+-----+--------+
         Total |   2347 |   2201 |    146 |      0 |   1851 |   4 |  586.8 |
       Dungeon |   2347 |   2201 |    146 |      0 |   1851 |   4 |  586.8 |
               +--------+--------+--------+--------+--------+-----+--------+

Top non-repeatable levels by time:
     D:2: 1328 daAuts
     D:1: 984 daAuts
     D:6: 30 daAuts
     D:3: 3 daAuts
